 Dungeon Crawl Stone Soup version 0.31.0-12-g77e489cdc1 (webtiles) character file.

Game seed: 17347222581244095512

3878 Silvore the Basher (level 10, -7/88 HPs)
             Began as a Minotaur Fighter on Feb 26, 2024.
             Was a Believer of the Shining One.
             Killed from afar by an arcanist (43 damage)
             ... with a bolt of cold
             ... on level 8 of the Dungeon.
             The game lasted 00:07:50 (7905 turns).

Silvore the Basher (Minotaur Fighter)               Turns: 7905, Time: 00:07:50

Health: -7/88      AC: 17    Str: 26    XL:     10   Next: 0%
Magic:  10/10      EV:  7    Int:  5    God:    the Shining One [**....]
Gold:   177        SH:  5    Dex:  9    Spells: 9/9 levels left

rFire   . . .        C - +2 mace (flame)
rCold   . . .        c - +0 buckler
rNeg    + . .        i - +0 plate armour
rPois   .            (helmet restricted)
rElec   .            (no cloak)
rCorr   .            j - +1 pair of gloves
SInv    .            (no boots)
Will    .....        u - amulet of faith Stlth
                     m - ring of fire
HPRegen 0.34/turn    z - ring of ice
MPRegen 0.12/turn

%: faith
@: fragile (+50% incoming damage), glowing
A: horns 2, retaliatory headbutt
a: Renounce Religion, Divine Shield


You were on level 8 of the Dungeon.
You worshipped the Shining One.
The Shining One was pleased with you.
You visited 2 branches of the dungeon, and saw 10 of its levels.

You collected 399 gold pieces.
You donated 222 gold pieces to Zin.

Inventory:

Hand Weapons
 a - a +1 flail
 C - a +2 mace of flaming (weapon)
Missiles
 q - a throwing net (quivered)
Armour
 b - a +0 scale mail
 c - a +0 buckler (worn)
 i - a +0 plate armour (worn)
 j - a +1 pair of gloves (worn)
Jewellery
 m - a ring of fire (left hand)
 u - an amulet of faith (around neck)
 y - a +6 ring of intelligence
 z - a ring of ice (right hand)
Wands
 o - a wand of mindburst (18)
 s - a wand of roots (20)
Scrolls
 g - 4 scrolls of teleportation
 p - a scroll of poison
 t - 2 scrolls of vulnerability
 B - a scroll of enchant armour
 D - a scroll of fear
Potions
 d - 2 potions of might
 f - a potion of haste
 h - 4 potions of degeneration
 k - 2 potions of berserk rage
 l - a potion of heal wounds
 n - 3 potions of curing
 r - a potion of lignification
 v - a potion of magic
 w - a potion of invisibility
 x - a potion of cancellation {unknown}
 A - a potion of ambrosia {unknown}
 F - a potion of enlightenment {unknown}


   Skills:
 + Level 8.0 Fighting
 + Level 11.1 Maces & Flails
 + Level 10.0 Armour
 + Level 1.0 Dodging
 + Level 0.1 Stealth
 + Level 6.6 Shields
 + Level 1.6 Invocations


You had 9 spell levels left.
You didn't know any spells.
Your spell library contained the following spells:

 Spells                   Type           Power      Damage    Failure   Level
 Apportation              Tloc           0%         N/A       99%         1
 Magic Dart               Conj           0%         1d3       99%         1
 Blink                    Tloc           0%         N/A       100%        2
 Call Imp                 Summ           0%         N/A       100%        2
 Cigotuvi's Dreadful Rot  Necr/Alch/Air  0%         N/A       100%        2
 Jinxbite                 Hex            0%         N/A       100%        2
 Mercury Vapours          Alch/Air       0%         N/A       100%        2
 Dazzling Flash           Conj/Hex       0%         N/A       100%        3
 Mephitic Cloud           Conj/Alch/Air  0%         N/A       100%        3
 Tukima's Dance           Hex            0%         N/A       100%        3
 Animate Dead             Necr           0%         N/A       100%        4
 Dimensional Bullseye     Hex/Tloc       0%         N/A       100%        4
 Ignite Poison            Fire/Alch      0%         N/A       100%        4
 Iskenderun's Mystic Bla  Conj/Tloc      0%         2d3       100%        4
 Alistair's Intoxication  Alch           0%         N/A       100%        5
 Borgnjor's Vile Clutch   Necr/Erth      0%         N/A       100%        5
 Curse of Agony           Necr           0%         N/A       100%        5
 Freezing Cloud           Conj/Ice/Air   0%         6-21      100%        5
 Silence                  Hex/Air        0%         N/A       100%        5
 Death Channel            Necr           0%         N/A       100%        6


Dungeon Overview and Level Annotations

Branches:
Dungeon (9/15)             Temple (1/1) D:4
   Lair: D:8-11         Orc: D:9-12

Altars:
Ashenzari
Cheibriados
Dithmenos
Elyvilon
Fedhas
Hepliaklqana
Kikubaaqudgha
Nemelex Xobeh
Okawaru
Ru
Sif Muna
Uskayaw
Vehumet
Wu Jian
Xom
Yredelemnul
Zin
The Shining One

Annotations:
Temple 2 transporters


Innate Abilities, Weirdness & Mutations

You have a pair of horns on your head.
You reflexively headbutt those who attack you in melee.


Message History

The boggart blinks!
The vampire mosquito bites you.
* * * LOW HITPOINT WARNING * * *
There is a stone staircase leading up here.
You block the vampire mosquito's attack.
The arcanist gestures at you while chanting.
The lance of force hits you.
* * * LOW HITPOINT WARNING * * *
You are knocked back by the lance of force.
You slam into the rock wall!
* * * LOW HITPOINT WARNING * * *
The vampire mosquito barely misses you. You furiously retaliate!
You headbutt the vampire mosquito.
The arcanist hits you but does no damage.
You climb upwards.
There is a stone staircase leading down here.
You feel much better.
The vampire mosquito bites you but does no damage.
The arcanist becomes larger for a moment.
The arcanist gestures at you while chanting.
Your body becomes as fragile as glass!
The vampire mosquito bites you but does no damage.
You hit the vampire mosquito. You burn the vampire mosquito.
You headbutt the vampire mosquito!
The vampire mosquito is almost destroyed.
You block the arcanist's attack.
You block the vampire mosquito's attack.
You thump the vampire mosquito! You burn the vampire mosquito.
You destroy the vampire mosquito!
The Shining One accepts your kill. The arcanist barely misses you.
The arcanist completely misses you. You furiously retaliate!
You headbutt the arcanist!
You have reached level 10!
You hit the arcanist. You burn the arcanist.
The arcanist is heavily wounded.
The arcanist hits you but does no damage.
You sock the arcanist! You burn the arcanist. You headbutt the arcanist.
The arcanist is severely wounded.
The arcanist casts a spell at you. The bolt of cold hits you!!
You die...

##...### #..# ##...##
##.# ###..### #..
##...## ##.
############ ##...##
#.
...........####..###
#.
##########.......##
##### ##
######p..######...###
# ##@..##........## #
##.............###
##.............#
##............#
#............##
#..............
#..............
#....<.......##
#............#


You could see an arcanist (fast).

Vanquished Creatures
  Maggie (D:6)
  Grinder (D:6)
  6 yaks (D:8)
  A spriggan (shapeshifter) (D:9)
  Menkaure (D:7)
  A vampire mosquito (D:8)
  Edmund (D:6)
  2 orc warriors
  A sky beast (D:7)
  2 ice beasts
  An ogre (D:6)
  2 centaurs
  A kobold brigand (D:5)
  A bullfrog (D:7)
  A gnoll sergeant (D:8)
  3 scorpions
  2 howler monkeys
  3 orc priests (D:7)
  4 jellies
  2 bombardier beetles
  A hound (D:6)
  Crazy Yiuf (D:4)
  2 sleepcaps
  2 iguanas (D:6)
  3 orc wizards
  12 gnolls
  5 adders
  A shadow imp (D:8)
  2 ufetubi (D:7)
  2 dart slugs (D:2)
  24 orcs
  9 endoplasms
  5 giant cockroaches
  7 goblins
  4 hobgoblins
  3 jackals (D:1)
  3 quokkas
  9 ball pythons
  3 bats (D:1)
  4 frilled lizards (D:1)
  14 kobolds
  5 rats
158 creatures vanquished.

Vanquished Creatures (others)
  An orc priest (D:7)
1 creature vanquished.

Grand Total: 159 creatures vanquished

Notes
Turn   | Place    | Note
-------+----------+-------------------------------------------
     0 | D:1      | Silvore the Minotaur Fighter began the quest for the Orb.
     0 | D:1      | Reached XP level 1. HP: 19/19 MP: 0/0
    71 | D:1      | Reached XP level 2. HP: 26/27 MP: 1/1
   280 | D:1      | Reached skill level 3 in Maces & Flails
   372 | D:1      | Reached XP level 3. HP: 33/33 MP: 2/2
   713 | D:2      | Found a radiant altar of Vehumet.
  1320 | D:3      | Reached XP level 4. HP: 37/40 MP: 3/3
  1427 | D:3      | Reached skill level 4 in Maces & Flails
  1853 | D:3      | Reached XP level 5. HP: 47/47 MP: 4/4
  2078 | D:4      | Reached skill level 5 in Maces & Flails
  2284 | D:4      | Reached skill level 5 in Armour
  2295 | D:4      | Reached XP level 6. HP: 42/53 MP: 5/5
  2308 | D:4      | Found a staircase to the Ecumenical Temple.
  2317 | Temple   | Found a transporter.
  2317 | Temple   | Found a transporter.
  2317 | Temple   | Found a transporter.
  2317 | Temple   | Found a transporter.
  2317 | Temple   | Entered the Ecumenical Temple
  2337 | Temple   | Became a worshipper of Zin the Law-Giver
  2337 | Temple   | Reached * piety under Zin
  2460 | D:4      | Found a hazy altar of Hepliaklqana.
  2460 | D:4      | Found a radiant altar of Vehumet.
  2664 | D:4      | Found a runed translucent door.
  2665 | D:4      | Noticed Crazy Yiuf
  2673 | D:4      | Killed Crazy Yiuf
  2674 | D:4      | Reached skill level 5 in Fighting
  2852 | D:4      | Donated 70 gold pieces to Zin
  2892 | D:5      | Entered Level 5 of the Dungeon
  3046 | D:5      | Reached skill level 6 in Maces & Flails
  3301 | D:5      | Noticed an ice beast
  3307 | D:5      | Killed an ice beast
  3308 | D:5      | Reached XP level 7. HP: 61/61 MP: 6/6
  3381 | D:5      | Reached skill level 5 in Shields
  3505 | D:5      | Reached ** piety under Zin
  3523 | D:5      | Reached skill level 7 in Maces & Flails
  3584 | D:6      | Noticed Grinder
  3592 | D:6      | Killed Grinder
  3791 | D:6      | Noticed Maggie
  3812 | D:6      | Killed Maggie
  3813 | D:6      | Reached skill level 8 in Maces & Flails
  3813 | D:6      | Reached XP level 8. HP: 52/71 MP: 7/7
  4578 | D:6      | Noticed Edmund
  4589 | D:6      | Killed Edmund
  4590 | D:6      | Reached skill level 9 in Maces & Flails
  4805 | D:7      | Reached *** piety under Zin
  4920 | D:7      | Found a sparkling altar of Nemelex Xobeh.
  5021 | D:7      | Reached XP level 9. HP: 35/79 MP: 8/8
  5255 | D:7      | Reached skill level 10 in Maces & Flails
  5396 | D:7      | Noticed Menkaure
  5404 | D:7      | Killed Menkaure
  5815 | D:7      | Donated 113 gold pieces to Zin
  6959 | D:8      | Reached skill level 1 in Invocations
  6965 | D:8      | Reached skill level 1 in Dodging
  7312 | D:8      | Reached **** piety under Zin
  7535 | D:8      | Reached skill level 11 in Maces & Flails
  7636 | Temple   | Fell from the grace of Zin
  7636 | Temple   | Became a worshipper of the Shining One
  7636 | Temple   | Reached * piety under the Shining One
  7636 | Temple   | Reached ** piety under the Shining One
  7860 | D:9      | Noticed a skeletal warrior
  7861 | D:9      | Noticed a cyclops
  7863 | D:9      | Noticed a cyclops
  7863 | D:9      | Noticed an arcanist
  7864 | D:9      | Noticed a green ugly thing
  7886 | D:9      | Reached skill level 10 in Armour
  7898 | D:9      | Noticed a two-headed ogre
  7899 | D:9      | HP: 4/81 [rock wall collision (12)]
  7904 | D:8      | Reached XP level 10. HP: 35/88 MP: 10/10
  7905 | D:8      | Killed from afar by an arcanist

Illustrated notes

Levels and vault maps discovered:
D:1:      psy_arrival_whirlpool, layout_basic, dk_noncrumbling_3, minmay_cupped
D:2:      layout_loops_ring, basic_altar
D:3:      layout_rooms, chequers_serial_rivers_micro_b
D:4:      layout_basic, grunt_temple_overflow_open, temple_hall,
          minmay_pentomino_pile, uniq_crazy_yiuf_cottage
D:5:      layout_rooms, serial_library_hellmonk_angled_corner
D:6:      layout_basic, uniq_maggie, uniq_grinder, uniq_edmund
D:7:      layout_layer_cave, lemuel_round_altar, nicolae_figureground_pulse,
          uniq_menkaure
D:8:      layout_cave_pods
D:9:      hangedman_cross_stitches, layout_small_grid,
          gammafunk_temple_overflow_pools, mainiacjoe_overflow_small_starburst,
          mainiacjoe_overflow_alcove_2, minivault_28
Temple:   hellmonk_temple_divided_pantheon

Skill      XL: |  1  2  3  4  5  6  7  8  9 |
---------------+----------------------------+-----
Fighting       | 4 5 6 7 8 |  8.0
Shields        | 4 5 6 |  6.6
Armour         | 4 5 6 7 10 | 10.0
Maces & Flails | 3 4 5 6 8 9 11 | 11.1
Invocations    | 1 |  1.6
Dodging        | 1 |  1.0
Stealth        | |  0.1

Action                     |  1- 3 |  4- 6 |  7- 9 | 10-12 || total
---------------------------+-------+-------+-------+-------++-------
  Melee: Flail             |    90 |   123 |   127 |       ||   340
         Headbutt          |    11 |    16 |    62 |     1 ||    90
         Mace              |       |       |   142 |     2 ||   144
 Invoke: Donate Gold       |       |     1 |     1 |       ||     2
         Recite            |       |       |     2 |       ||     2
    Use: Scroll            |     5 |     5 |     9 |       ||    19
         Potion            |       |       |     4 |       ||     4
 Armour: Scale mail        |    27 |       |       |       ||    27
         Plate armour      |    28 |   104 |   278 |     2 ||   412
  Dodge: Dodged            |    42 |    21 |   110 |       ||   173
  Block: Buckler           |    24 |    24 |    76 |       ||   124
